tertium, neutral male human Tourist ------------- --------- |...|....(..| |.......| |...........-------.^.....---- ----- -+-...........)).............| |@.... [|...........)<)..........--| -------C... .|...........[.).... ......-----........-- --- .......... ..|..%%....-----.-- ... ----------- -- tertium the Peregrinator Experience level: 10 Strength: 3 Dexterity: 12 Constitution: 18 Intelligence: 11 Wisdom: 12 Charisma: 17 Health: 0(95) Energy: 42(42) AC: -2 Gold: 0 Moves: 18777 Your Inventory: Weapons a - the cursed rustproof +0 Frost Brand (weapon in hand) b - 3 +0 runed daggers [elven] (wielded in other hand) x - 40 +2 darts (in quiver) O - 7 uncursed [+0] darts [of stealth] S - the rustproof +0 Giantslayer Y - 11 uncursed [+0] darts [of detonation] Armor w - an uncursed +0 dwarvish mithril-coat (being worn) G - an uncursed +0 elven cloak (being worn) T - an uncursed +3 pair of jungle boots [water walking] (being worn) Comestibles o - 2 uncursed pears r - 3 uncursed slime molds E - an uncursed candy bar M - an uncursed clove of garlic N - 12 uncursed food rations Q - 2 uncursed pancakes V - 4 uncursed tripe rations Potions m - an [uncursed] potion of monster detection H - an uncursed potion of extra healing Rings p - an uncursed ring of slow digestion (on left hand) Wands u - a cursed wand of digging [0:6] I - an uncursed wand of lightning [0:0] J - an uncursed wand of fire [0:1] R - an uncursed wand of magic missile [0:7] Tools g - a cursed magic whistle j - an expensive camera (0:45) l - an uncursed [oil] lamp called oil (lit) q - an uncursed [+0] unicorn horn s - an [uncursed] key [skeleton key] y - an uncursed [+0] unicorn horn z - a cursed towel Gems n - an [uncursed] black gem [obsidian] Spells known in the end: Name Level Category Fail Memory Your skills at the end: Fighting Skills two weapon combat [Skilled / Skilled] body armor [Basic / Basic] shield [Basic / Basic] Weapon Skills dagger [Basic / Expert] long sword [Basic / Basic] dart [Basic / Expert] Spellcasting Skills Final Attributes: You were piously aligned. Hunger level was 1235. Your alignment was 82 / 103. Monster difficulty range was 2 - 11. Level difficulty was 12. You were immune to cold. You resisted poison. You had automatic searching. You were stealthy. You could walk on water. You had slower digestion. You were wielding two weapons at once. You were unlucky (-1). You are dead. Vanquished creatures: a demilich 2 giant mimics a warg a small mimic 3 warhorses a quantum mechanic a troll 2 large dogs a flaming sphere 2 large cats a tiger 2 tengu an ochre jelly an energy vortex a mountain centaur 3 stone giants a human mummy 11 ettin zombies a leather golem 2 soldiers 4 watchmen a chameleon a giant beetle 2 quivering blobs 8 wolves a winter wolf cub 2 spotted jellies a leprechaun an orc-captain an iron piercer 2 mumakil a giant spider a scorpion an ice vortex a black light a vampire bat a gnome king an orc mummy a dwarf mummy 2 brown puddings an owlbear 2 yetis a werewolf 2 lizards a dog 5 dingos 3 dwarf lords a blue jelly a gray unicorn a black unicorn 2 ravens a gnome mummy a snake 5 apes 6 human zombies a snow ant a bugbear a water nymph 2 mountain nymphs 10 Mordor orcs 5 Uruk-hai 7 rock piercers an enormous rat a rock mole a fog cloud a yellow light 3 shriekers a violet fungus 11 gnome lords 8 gnomish wizards 2 red naga hatchlings 4 golden naga hatchlings a guardian naga hatchling 2 gray oozes 3 barrow wights 5 elf zombies 2 paper golems 2 baby crocodiles 4 giant ants 4 little dogs 6 floating eyes 7 kittens 19 dwarves 4 homunculi 4 kobold lords a kobold shaman 6 hill orcs 8 rothes 3 rabid rats 2 centipedes 3 giant bats a monkey 2 orc zombies 2 dwarf zombies a wererat a werejackal 10 iguanas 17 killer bees 3 acid blobs 4 coyotes a gas spore 11 hobbits 3 large kobolds 4 hobgoblins 10 giant rats 11 cave spiders 2 brown molds 2 yellow molds 2 green molds a red mold 81 gnomes 11 garter snakes 9 gnome zombies 7 geckos 6 jackals 3 foxes 4 kobolds 6 goblins 11 sewer rats 18 grid bugs 4 bats 9 lichens 2 kobold zombies 12 newts 523 creatures vanquished. Voluntary challenges: You used a wielded weapon 507 times. You read items or engraved 14 times. You put on armor 52 times. You never genocided any monsters. You polymorphed 1 item. You never changed form. You used no wishes. You abstained from Elbereth's help. You never encountered a bones level. You used 1 Sokoban shortcut. Dungeon overview: The Dungeons of Doom: levels 1 to 7 Level 1 a long staircase Level 2 (gold) a fountain Level 4 stairs to The Gnomish Mines Level 5 many fountains Level 6 a fountain stairs to Sokoban The Gnomish Mines: levels 5 to 12 Level 5 stairs to The Dungeons of Doom Level 8 many shops, a temple to The Lady, a magic chest, some fountains Level 12 <- You were here Sokoban: levels 3 to 5 Level 5 a magic chest stairs to The Dungeons of Doom History has recorded: On T:1 you entered the Dungeons of Doom to retrieve the Amulet of Yendor! On T:50 you reached level 2 of The Dungeons of Doom. On T:634 you reached level 3 of The Dungeons of Doom. On T:637 you advanced to experience level 2. On T:918 you advanced to experience level 3. On T:1575 you advanced to experience level 4. On T:1627 you reached level 4 of The Dungeons of Doom. On T:1676 you reached level 5 of The Dungeons of Doom. On T:2007 you advanced to experience level 5. On T:2386 you reached level 1 of The Gnomish Mines. On T:3290 you advanced to experience level 6. On T:3931 you reached level 2 of The Gnomish Mines. On T:4605 you reached level 4 of The Gnomish Mines. On T:4610 you reached level 3 of The Gnomish Mines. On T:6372 you advanced to experience level 7. On T:7888 you received Giantslayer from The Lady. On T:8758 you advanced to experience level 8. On T:9596 you received Frost Brand from The Lady. On T:9689 you advanced to experience level 9. On T:10157 you reached level 6 of The Dungeons of Doom. On T:10473 you reached level 7 of The Dungeons of Doom. On T:10624 you reached level 3 of Sokoban. On T:11950 you reached level 2 of Sokoban. On T:12663 you reached level 1 of Sokoban. On T:15754 you advanced to experience level 10. On T:16038 you reached level 5 of The Gnomish Mines. On T:16231 you reached level 6 of The Gnomish Mines. On T:17254 you reached level 7 of The Gnomish Mines. On T:17723 you reached level 8 of The Gnomish Mines. Latest messages: You attack thin air. You have a little trouble lifting n - a black gem. [HP+1=16] [2 turns] You see here an uncursed sack. [HP+1=17] You miss it. The plains centaur hits! The plains centaur kicks! The plains centaur hits! The plains centaur misses. The plains centaur hits! The plains centaur misses. [HP-11=6] [2 turns] You miss it. The plains centaur hits! The plains centaur kicks! [HP-1=5] You miss it. The plains centaur hits! The plains centaur kicks! You die... Final status: Aloha tertium the Tourist... You died in The Gnomish Mines on dungeon level 12 with 18608 points, and 0 pieces of gold, after 18777 moves. You were level 10 with a maximum of 95 hit points when you died.